 Dungeon Crawl Stone Soup version 0.29-a0-322-g68df515428 (webtiles) character file.

Game seed: 17582331857020389595

16 Morbidden the Ducker (level 2, 22/22 HPs)
             Began as a Demonspawn Gladiator on Apr 8, 2022.
             Quit the game on level 1 of the Dungeon.
             The game lasted 00:00:49 (1048 turns).

Morbidden the Ducker (Demonspawn Gladiator)         Turns: 1048, Time: 00:00:49

Health: 22/22      AC:  4    Str: 14    XL:     2   Next: 41%
Magic:  2/2        EV: 12    Int:  9    God:
Gold:   75         SH:  0    Dex: 14    Spells: 1/1 levels left

rFire   . . .      SeeInvis .   b - +2 short sword (speed)
rCold   . . .      Faith    .   (no shield)
rNeg    . . .      Spirit   .   l - +0 leather armour
rPois   +          Reflect  .   c - +0 helmet
rElec   .          Harm     .   (no cloak)
rCorr   .          Rampage  .   (no gloves)
Will    .....                   (no boots)
Stlth   +.........              (no amulet)
HPRegen 0.07/turn               i - ring of poison resistance
MPRegen 0.08/turn               (no ring)

@: no status effects
A: demonic guardian 1
a: no special abilities


You were on level 1 of the Dungeon.
You visited 1 branch of the dungeon, and saw 1 of its levels.

You collected 75 gold pieces.

Inventory:

Hand Weapons
 a - a +0 long sword
 b - a +2 short sword of speed (weapon)
Missiles
 d - 3 throwing nets (quivered)
 e - a javelin
Armour
 c - a +0 helmet (worn)
 l - a +0 leather armour (worn)
Jewellery
 i - a ring of poison resistance (left hand)
Potions
 f - a potion of might {unknown}
 g - a potion of berserk rage {unknown}
 h - a potion of mutation {unknown}
 j - a potion of heal wounds {unknown}
 m - a potion of attraction {unknown}


   Skills:
 + Level 2.0 Fighting
 + Level 2.9 Long Blades
 + Level 1.9 Throwing
 + Level 0.1 Armour
 + Level 3.1 Dodging
 + Level 0.2 Stealth


You had one spell level left.
You didn't know any spells.
Your spell library contained the following spells:

 Spells                   Type           Power      Damage    Failure   Level
 Ozocubu's Armour         Ice            0%         N/A       83%         3
 Ozocubu's Refrigeration  Ice            0%         4d5       100%        7


Dungeon Overview and Level Annotations

Branches:
Dungeon (1/15)

Altars:


Innate Abilities, Weirdness & Mutations

A weak demonic guardian rushes to your aid.


Message History

A bat is nearby!
The bat hits you.
There is an open door here.
A bat is nearby!
You closely miss the bat. The bat misses you.
A bat is nearby!
You hit the bat. Your punch misses the bat.
The bat is heavily wounded.
The bat closely misses you. The bat barely misses you.
The bat hits you but does no damage.
A bat is nearby!
You hit the bat.
You kill the bat!
There is an open door here.
There is an open door here.
There is an open door here.
There is an open door here.
There is an open door here.
You open the door.
A rat comes into view.
There is an open door here.
A rat is nearby!
A rat is nearby!
The rat closely misses you.
A rat is nearby!
You hit the rat.
You kill the rat!
Done exploring.
No target in view!
Key pressed, stopping explore.
No target in view!
No target in view!
Done exploring.
No target in view!
Done exploring.
No target in view!
Done exploring.
No target in view!
Done exploring.
Are you sure you want to abandon this character and quit the game? (Confirm with "yes".)

###############################
..............................#
#############################.#
#.# #.# ###### #.# ########
#....# #.# #.....@# #....# #.#
######.# #....# #.#
############ #.# #....# #.#
##..........# #.# #....###.#
..........#.# #.# #....'...#
##.######.#.# #.#####....#####
##'## #.#[# #.......#### #...#
#.#.# ####...## #...# #.#.#
#...#


There were no monsters in sight!

Vanquished Creatures
  A dart slug (D:1)
  2 bats (D:1)
  4 endoplasms (D:1)
  A hobgoblin (D:1)
  2 frilled lizards (D:1)
  A kobold (D:1)
  3 rats (D:1)
14 creatures vanquished.

Notes
Turn   | Place    | Note
-------+----------+-------------------------------------------
     0 | D:1      | Morbidden the Demonspawn Gladiator began the quest for the
                  | Orb.
     0 | D:1      | Reached XP level 1. HP: 16/16 MP: 1/1
   454 | D:1      | Reached skill level 3 in Dodging
   582 | D:1      | Gained mutation: A weak demonic guardian rushes to your
                  | aid. [demonic ancestry]
   582 | D:1      | Reached XP level 2. HP: 22/22 MP: 2/2
  1048 | D:1      | Quit the game

Illustrated notes

Levels and vault maps discovered:
D:1:      beargit_arrival_greenhouse, layout_basic, grunt_decor_one_mirror

Skill      XL: |  1 |
---------------+----+-----
Dodging        | 3 |  3.1
Fighting       | |  2.0
Long Blades    | |  2.9
Throwing       | |  1.9
Armour         | |  0.1
Stealth        | |  0.2

Action                   || total
-------------------------++-------
Melee: Long sword        ||    20
       Short sword       ||    18
 Stab: Sleeping          ||     2
Armor: Leather armour    ||    11
Dodge: Dodged            ||    25

Table legend: (Time is in decaauts)
 A = Elapsed time spent in this place.
 B = Non-inter-level travel time spent in this place.
 C = Inter-level travel time spent in this place.
 D = Time resting spent in this place.
 E = Time spent auto-exploring this place.
 F = Levels seen in this place.
 G = Mean time per level.
                   A        B        C        D        E       F      G
               +--------+--------+--------+--------+--------+-----+--------+
         Total |   1046 |   1027 |     19 |      0 |    873 |   1 | 1046.0 |
       Dungeon |   1046 |   1027 |     19 |      0 |    873 |   1 | 1046.0 |
               +--------+--------+--------+--------+--------+-----+--------+

Top non-repeatable levels by time:
     D:1: 1046 daAuts
